 Dungeon Crawl Stone Soup version 0.30-a0-218-gedb9141078 (webtiles) character file.

Game seed: 13301505343863081029

37 meatgazer the Chopper (level 3, -1/34 HPs)
             Began as a Hill Orc Monk on Oct 5, 2022.
             Slain by a worm (10 damage)
             ... on level 2 of the Dungeon.
             The game lasted 00:01:14 (898 turns).

meatgazer the Chopper (Hill Orc Monk)                Turns: 898, Time: 00:01:15

Health: -1/34      AC:  2    Str: 15    XL:     3   Next: 41%
Magic:  3/3        EV: 12    Int: 10    God:
Gold:   73         SH:  0    Dex: 13    Spells: 2/2 levels left

rFire   . . .      SeeInvis .    a - +0 hand axe
rCold   . . .      Faith    .    (no shield)
rNeg    . . .      Spirit   .    b - +0 robe
rPois   .          Reflect  .    (no helmet)
rElec   .          Harm     .    (no cloak)
rCorr   .          Rampage  .    (no gloves)
Will    .....                    (no boots)
Stlth   ++........               (no amulet)
HPRegen 0.25/turn                (no ring)
MPRegen 0.08/turn                (no ring)

@: no status effects
A: no striking features
a: no special abilities


You were on level 2 of the Dungeon.
You visited 1 branch of the dungeon, and saw 2 of its levels.

You collected 73 gold pieces.

Inventory:

Hand Weapons
 a - a +0 hand axe (weapon)
Armour
 b - a +0 robe (worn)
Magical Staves
 f - a staff of conjuration
Scrolls
 h - a scroll of poison {unknown}
 i - a scroll of amnesia {unknown}
Potions
 c - a potion of ambrosia
 d - a potion of degeneration {unknown}
 e - a potion of curing {unknown}
 g - 2 potions of haste {unknown}


   Skills:
 + Level 4.5 Fighting
 + Level 5.0 Axes
 - Level 2.4 Dodging
 - Level 1.5 Stealth


You had 2 spell levels left.
You didn't know any spells.
Your spell library was empty.

Dungeon Overview and Level Annotations

Branches:
Dungeon (2/15)

Altars:


Message History

No target in view!
No target in view!
No target in view!
No target in view!
No target in view!
No target in view!
You start resting.
You feel sick. x2
You are no longer poisoned.
You start resting.
A worm comes into view.
A worm is nearby!
A worm is nearby!
A worm is nearby!
You see here 6 boomerangs of dispersal.
You see here a hobgoblin corpse.
There is a stone staircase leading up here.
You climb upwards.
There is a stone staircase leading down here.
You start resting.
HP restored.
You climb downwards.
There is a stone staircase leading up here.
You hit the worm.
The worm is moderately wounded.
The worm bites you!
You hit the worm but do no damage.
The worm is moderately wounded.
You hit the worm.
The worm is moderately wounded.
The worm bites you!
You hit the worm.
The worm is heavily wounded.
The worm bites you!
* * * LOW HITPOINT WARNING * * *
You hit the worm.
The worm is severely wounded.
You hit the worm.
The worm is almost dead.
The worm bites you!
You die...

###..#........###..
####.............##...
##......>##.......##...
##........##.......##.##
#..........#.......##.#
#..........#......<##.#
###...................#.# .
........w............#.##
...#......@...##...).......
...#......<$.###.......####
..............#####..#.#
.#......†.............
#.....(....#..##.....
#............###.....#
#.............## #......
#..#........#.# #...#..
#..[.......##.#


You could see a worm.

Vanquished Creatures
  An adder (D:2)
  4 ball pythons (D:1)
  2 endoplasms
  A giant cockroach (D:1)
  5 hobgoblins
  3 jackals (D:1)
  4 bats (D:1)
  2 goblins (D:1)
  2 rats
24 creatures vanquished.

Notes
Turn   | Place    | Note
-------+----------+-------------------------------------------
     0 | D:1      | meatgazer the Hill Orc Monk began the quest for the Orb.
     0 | D:1      | Reached XP level 1. HP: 19/19 MP: 1/1
     1 | D:1      | Noticed an electric eel
   191 | D:1      | Reached XP level 2. HP: 27/27 MP: 2/2
   607 | D:1      | Reached XP level 3. HP: 30/34 MP: 3/3
   819 | D:2      | Reached skill level 5 in Axes
   898 | D:2      | Slain by a worm

Illustrated notes

Levels and vault maps discovered:
D:1:      arrival_aquarium_a, layout_basic
D:2:      layout_rooms, hellmonk_ecumenical_altar_crossroads, serial_shops,
          shop, minmay_splitting_lines

Skill      XL: |  1  2  3 |
---------------+----------+-----
Fighting       | 4 |  4.5
Axes           | 5 |  5.0
Dodging        | |  2.4
Stealth        | |  1.5

Action                   || total
-------------------------++-------
Melee: Hand axe          ||    83
       Punch             ||     1
  Use: Scroll            ||     1
 Stab: Sleeping          ||     1
Armor: Robe              ||    40
Dodge: Dodged            ||    77

Table legend: (Time is in decaauts)
 A = Elapsed time spent in this place.
 B = Non-inter-level travel time spent in this place.
 C = Inter-level travel time spent in this place.
 D = Time resting spent in this place.
 E = Time spent auto-exploring this place.
 F = Levels seen in this place.
 G = Mean time per level.
                   A        B        C        D        E       F      G
               +--------+--------+--------+--------+--------+-----+--------+
         Total |    904 |    889 |     15 |    197 |    488 |   2 |  452.0 |
       Dungeon |    904 |    889 |     15 |    197 |    488 |   2 |  452.0 |
               +--------+--------+--------+--------+--------+-----+--------+

Top non-repeatable levels by time:
     D:1: 802 daAuts
     D:2: 102 daAuts
